 Dungeon Crawl Stone Soup version 0.19.1-1-g22dce08 (webtiles) character file.

228 godfroggy the Stinger (level 5, -1/24 HPs)
             Began as a Spriggan Venom Mage on Jan 8, 2017.
             Slain by Mungo's ghost (11 damage)
             ... on level 3 of the Dungeon.
             The game lasted 00:18:13 (4316 turns).

godfroggy the Stinger (Spriggan Venom Mage)         Turns: 4316, Time: 00:18:14

Health: -1/24      AC:  3    Str:  5    XL:     5   Next: 70%
Magic:  10/10      EV: 18    Int: 17    God:
Gold:   120        SH:  0    Dex: 16    Spells: 2 memorised, 5 levels left

rFire  . . .     SeeInvis +     (weapon restricted)
rCold  . . .     Gourm    .     a - +0 robe
rNeg   . . .     Faith    .     (shield restricted)
rPois  .         Spirit   .     (helmet restricted)
rElec  .         Reflect  .     m - +0 cloak
rCorr  .         Harm     .     (gloves unavailable)
MR     .....                    (boots unavailable)
Stlth  ++........               (no amulet)
                                (no ring)
                                (no ring)

@: very quick
A: unfitting armour, see invisible, herbivore 3, speed 3, slow metabolism 2
a: no special abilities


You were on level 3 of the Dungeon.
You were hungry.

You visited 1 branch of the dungeon, and saw 3 of its levels.

You collected 120 gold pieces.

Inventory:

Hand Weapons
 d - a +0 whip
Armour
 a - a +0 robe (worn)
 m - a +0 cloak (worn)
Scrolls
 g - 2 scrolls of identify
 i - a scroll of random uselessness {unknown}
 k - 2 scrolls of fear
 o - a scroll of remove curse {unknown}
Potions
 e - a potion of might
 h - a potion of mutation
 j - 2 potions of curing
 n - a potion of brilliance
 p - a potion of degeneration
 q - a potion of flight {unknown}
Books
 b - a Young Poisoner's Handbook

   Spells                             Type                      Level
   a - Sting                          Conjuration/Poison           1
   b - Mephitic Cloud                 Conjuration/Poison/Air       3
   c - Olgreb's Toxic Radiance        Poison                       4
   d - Alistair's Intoxication        Transmutation/Poison         5
   e - Venom Bolt                     Conjuration/Poison           5
Comestibles
 c - 2 bread rations
 f - a slice of pizza
 l - 5 fruits


   Skills:
 - Level 3.0 Dodging
 - Level 3.0 Stealth
 - Level 2.6 Spellcasting
 + Level 3.6 Conjurations
 + Level 4.8 Poison Magic


You had 5 spell levels left.
You knew the following spells:

 Your Spells              Type           Power        Failure   Level  Hunger
a - Sting                 Conj/Pois      ###.         3%          1    #......
b - Mephitic Cloud        Conj/Pois/Air  ##......     17%         3    ###....


Dungeon Overview and Level Annotations

Branches:
Dungeon (3/15)

Altars:

Annotations:
D:3 Mungo's ghost, amateur MiBe


Innate Abilities, Weirdness & Mutations

You are very small and have problems with some larger weapons.
You are too small for most types of armour.
You have supernaturally acute eyesight. (SInv)
You are a herbivore.
You cover ground extremely quickly.
You need consume almost no food.


Message History

The sky beast is almost dead.
The sky beast completely misses you.
You closely miss the sky beast.
The sky beast is almost dead.
The sky beast completely misses you.
You kill the sky beast!
You have reached level 5!
You feel clever.
You see here a sky beast corpse.
You start resting.
Magic restored.
You start resting.
HP restored.
You see here a club.
You see here a club.
You see here a sky beast corpse.
Mungo's ghost hits you!
Ouch! That really hurt!
Mungo's ghost hits you!
You die...

#### #..#.#.#..........### ...#
#..#.#............'.# ...#
#..#.#####........#.###### ...#
#..#...................... ...#
#..################.######
...#####..#.......# #...##.#..#..
.......#..#.......# #.#.......#.#
######.#..#.......###.####.#.##.#
.....#.#........@......<...#.##.#
##...#.#.##....W..###.#.......#.#
.....#.#.##.......# #.#....####.#
##.#.#.#.##.......###.#.##.# #.#
#...#.#.##................# #.#
######.#.##.......###.#.#..# #.#
.......#.##.......# #.#.#..# #.#
########.########.# #.#.# .# #.#
.........# #.# #.#.# #..


You could see Mungo's ghost.

Vanquished Creatures
  A sky beast (D:3)
  An orc wizard (D:3)
  3 adders
  2 oozes
  4 dart slugs
  A leopard gecko (D:1)
  7 orcs (D:3)
  A giant cockroach (D:1)
  4 goblins
  7 hobgoblins
  7 kobolds
  11 bats
  A frilled lizard (D:1)
  5 rats
  A fungus (D:1)
56 creatures vanquished.

Notes
Turn   | Place    | Note
-------+----------+-------------------------------------------
     0 | D:1      | godfroggy the Spriggan Venom Mage began the quest for the Orb.
     0 | D:1      | Reached XP level 1. HP: 9/9 MP: 5/5
   192 | D:1      | Reached skill level 1 in Conjurations
   274 | D:1      | Reached XP level 2. HP: 13/13 MP: 0/6
  1365 | D:1      | Reached XP level 3. HP: 16/16 MP: 5/8
  2226 | D:2      | Learned a level 3 spell: Mephitic Cloud
  2247 | D:2      | Reached XP level 4. HP: 21/21 MP: 3/9
  2931 | D:3      | Noticed Mungo's ghost (amateur MiBe)
  4070 | D:3      | Noticed a sky beast
  4114 | D:3      | Killed a sky beast
  4114 | D:3      | Reached XP level 5. HP: 15/24 MP: 0/10
  4316 | D:3      | Slain by Mungo's ghost

Skill      XL: |  1  2  3  4 |
---------------+-------------+-----
Conjurations   | 1 2 3 |  3.6
Dodging        | |  3.0
Stealth        | |  3.0
Spellcasting   | |  2.6
Poison Magic   | |  4.8

Action                   |  1- 3 |  4- 6 || total
-------------------------+-------+-------++-------
Melee: Unarmed           |    83 |    15 ||    98
 Cast: Sting             |    98 |    60 ||   158
       Mephitic Cloud    |       |     2 ||     2
  Use: Scroll            |       |     9 ||     9
 Stab: Sleeping          |       |     2 ||     2
       Confused          |       |     1 ||     1
  Eat: Pizza             |       |     1 ||     1
Armor: Robe              |     4 |     2 ||     6
Dodge: Dodged            |    41 |    17 ||    58
